 Dungeon Crawl Stone Soup version 0.20.1-1-g8b1a95d (webtiles) character file.

21486 homeworkjunkie the Severer (level 12, -20/108 HPs)
             Began as a Hill Orc Fighter on Dec 11, 2017.
             Was a High Priest of Okawaru.
             Demolished by a very large slime creature (50 damage)
             ... on level 13 of the Dungeon.
             The game lasted 00:22:11 (10435 turns).

homeworkjunkie the Severer (Hill Orc Fighter)      Turns: 10435, Time: 00:22:12

Health: -20/108    AC: 28    Str: 25    XL:     12   Next: 90%
Magic:  17/17      EV:  7    Int: 11    God:    Okawaru [*****.]
Gold:   606        SH: 17    Dex: 10    Spells: 11/11 levels left

rFire    . . .     SeeInvis .   F - +1 broad axe (flame)
rCold    . . .     Gourm    .   e - +5 shield of Ezov {rCorr Int+3}
rNeg     . . .     Faith    .   E - +4 plate armour of Baldness {rCorr}
rPois    .         Spirit   .   p - +2 helmet
rElec    .         Reflect  .   o - +2 cloak {+Inv}
rCorr    +         Harm     .   (no gloves)
MR       ++...                  l - +2 pair of boots
Stlth    ..........             (no amulet)
Regen    0.3/turn               j - ring of protection from magic
MPRegen  0.2/turn               s - +3 ring of strength

@: no status effects
A: clumsy 1, magic resistance 1
a: Heroism, Finesse, Renounce Religion, Evoke Invisibility


You were on level 13 of the Dungeon.
You worshipped Okawaru.
Okawaru was extremely pleased with you.
You were not hungry.

You visited 2 branches of the dungeon, and saw 14 of its levels.

You collected 606 gold pieces.

Inventory:

Hand Weapons
 F - a +1 broad axe of flaming (weapon)
Armour
 e - the +5 shield of Ezov (worn) {rCorr Int+3}
   (You found it on level 9 of the Dungeon)

   It affects your intelligence (+3).
   It protects you from acid and corrosion.
 l - a +2 pair of boots (worn)
 o - a +2 cloak of invisibility (worn)
 p - a +2 helmet (worn)
 E - the +4 plate armour of Baldness (worn) {rCorr}
   (You found it on level 8 of the Dungeon)

   It protects you from acid and corrosion.
Jewellery
 j - a ring of protection from magic (left hand)
 n - an uncursed ring of ice
 s - a +3 ring of strength (right hand)
 D - an uncursed ring of protection from fire
Wands
 a - a wand of iceblast (11/15)
 c - a wand of iceblast (3/15)
 g - a wand of flame (25/48)
 v - a wand of paralysis (8/24)
 w - a wand of enslavement (0/24)
 y - a wand of disintegration (16/24)
 G - a wand of disintegration (14/24)
 I - a wand of lightning (6/15)
Scrolls
 d - 5 scrolls of remove curse
 i - 2 scrolls of fear
 k - 7 scrolls of teleportation
 m - 3 scrolls of identify
 r - 2 scrolls of immolation
 t - a scroll of magic mapping
 x - 2 scrolls of blinking
Potions
 b - 4 potions of curing
 q - a potion of cancellation
 u - 2 potions of resistance
 z - a potion of invisibility
 A - 4 potions of flight
 C - a potion of mutation
Comestibles
 f - 8 bread rations
 h - 2 meat rations
 B - 3 fruits


   Skills:
 * Level 10.6 Fighting
 * Level 15.3 Axes
 * Level 8.9 Armour
 + Level 1.6 Dodging
 + Level 4.7 Stealth
 * Level 10.6 Shields
 * Level 7.1 Evocations


You had 11 spell levels left.
You didn't know any spells.

Dungeon Overview and Level Annotations

Branches:
Dungeon (13/15)              Lair (1/6) D:9             Orc (0/2) D:9
 Vaults (0/5) D:13
 Temple: D:4-7

Altars:
Ashenzari
Dithmenos
Fedhas
Kikubaaqudgha
Okawaru
Trog
Vehumet
Xom
Yredelemnul
The Shining One

Shops:
D:4 (


Innate Abilities, Weirdness & Mutations

You are clumsy. (Dex -2)
You are resistant to hostile enchantments. (MR+)


Message History

Aiming: Iceblast (will waste charges)
Press: ? - help, Shift-Dir - straight line, f - slime creature
Aim: a slime creature (moderately wounded) That beam is likely to hit you.
Continue anyway?
Okay, then.
The slime creature hits you but does no damage.
You slash the slime creature! You burn the slime creature.
The slime creature is moderately wounded.
You hit the slime creature. You burn the slime creature.
The slime creature is moderately wounded.
You block the slime creature's attack.
Your shield and plate armour of Baldness prevent you from hitting the slime creature.
The slime creature is moderately wounded.
You block the slime creature's attack.
Your shield and plate armour of Baldness prevent you from hitting the slime creature.
The slime creature is moderately wounded.
You hit the very large slime creature. You burn the very large slime creature.
The slime creature closely misses you.
The very large slime creature hits you!!!
You die...

#. #.# #.####### ##..####... #.
#.# #.......# #.....#... .. ..#
#..####.# #.######.. .. ..# #..#
#.# ##'#######. #(##.# #..####.#
##...#....## #.J..# #....##.#
##......####. .##..#
##......###.......###..
..#..########...####.........##.#
....[..........J@..'.............
..#.#########..J####.........##.#
.##.# ###.## ##.......###.# # #.#
#...# ##.....## #.# #.# #.###
##...## #.# #.# #.# ##'## #.. ..
#.# #.# ### #.# #.# #### #.#
##.## #...


You could see a very large slime creature and a slime creature.

Vanquished Creatures
  Nessos (D:13)
  A centaur warrior (D:13)
  A two-headed ogre (D:9)
  A tengu warrior (D:8)
  The ghost of birkhead the Cleaver, a novice MiBe of Trog (D:8)
  An unseen horror (D:10)
  A cyclops (D:9)
  A slime creature (D:13)
  A rust devil (D:13)
  Psyche (D:9)
  5 trolls
  A hornet (D:13)
  4 hippogriffs
  7 spriggans
  2 wraiths (D:13)
  3 wyverns
  Grum (D:8)
  Eustachio (D:9)
  12 humans
  14 yaks
  A basilisk (D:9)
  4 vampire mosquitoes
  Menkaure (D:7)
  An acid dragon (D:13)
  2 water moccasins
  4 porcupines (D:9)
  4 orc warriors
  4 sky beasts
  5 phantoms
  2 black bears
  2 ice beasts
  A necrophage (D:9)
  4 wolves (D:8)
  9 ogres
  3 centaurs
  A crocodile (D:9)
  A big kobold (D:11)
  Blork the orc (D:9)
  12 bullfrogs
  4 scorpions
  7 killer bees
  A wight (D:9)
  2 electric eels (D:10)
  4 crimson imps
  A bullfrog zombie (D:11)
  A centaur zombie (D:9)
  A quasit (D:10)
  6 orc priests
  8 hounds
  A jelly (D:8)
  2 centaur skeletons
  An iron imp (D:13)
  9 orc wizards
  A bullfrog skeleton (D:11)
  Terence (D:3)
  Jessica (D:3)
  Ijyb (D:3)
  3 iguanas
  6 worker ants
  A hound skeleton (D:8)
  A howler monkey zombie (D:10)
  7 adders
  3 gnolls (D:6)
  3 shadow imps
  An ufetubus (D:13)
  4 worms
  5 dart slugs
  14 leopard geckos
  26 orcs
  3 giant cockroaches (D:2)
  9 goblins
  8 hobgoblins
  13 jackals
  15 kobolds
  4 quokkas
  9 bats
  6 frilled lizards
  8 rats
323 creatures vanquished.

Vanquished Creatures (others)
  A two-headed ogre (D:13)
  An orc knight (D:13)
  A centaur skeleton (D:13)
  A yak (D:9)
  4 humans (D:13)
  An acid dragon (D:13)
  A crocodile (D:9)
10 creatures vanquished.

Grand Total: 333 creatures vanquished

Notes
Turn   | Place    | Note
-------+----------+-------------------------------------------
     0 | D:1      | homeworkjunkie the Hill Orc Fighter began the quest for the Orb.
     0 | D:1      | Reached XP level 1. HP: 19/19 MP: 1/1
    62 | D:1      | Reached XP level 2. HP: 9/27 MP: 2/2
   536 | D:1      | Reached skill level 3 in Axes
   662 | D:2      | Reached XP level 3. HP: 6/33 MP: 3/3
   683 | D:2      | HP: 1/33 [poisoned by an adder]
  1098 | D:3      | Noticed Ijyb
  1104 | D:3      | Killed Ijyb
  1104 | D:3      | Reached XP level 4. HP: 27/40 MP: 4/4
  1133 | D:3      | Noticed Terence
  1140 | D:3      | Killed Terence
  1140 | D:3      | Reached skill level 4 in Axes
  1258 | D:3      | Found a bloodstained altar of Trog.
  1258 | D:3      | Found a glowing golden altar of the Shining One.
  1410 | D:3      | Reached XP level 5. HP: 44/46 MP: 5/5
  1428 | D:3      | Found an ancient bone altar of Kikubaaqudgha.
  1478 | D:3      | Noticed Jessica
  1486 | D:3      | Killed Jessica
  1501 | D:3      | Found a radiant altar of Vehumet.
  1501 | D:3      | Found a shadowy altar of Dithmenos.
  1606 | D:3      | Reached skill level 1 in Evocations
  1623 | D:3      | Reached skill level 5 in Axes
  1952 | D:3      | Gained mutation: You are clumsy. (Dex -2) [potion of mutation]
  1952 | D:3      | Gained mutation: You are resistant to hostile enchantments. (MR+) [potion of mutation]
  2122 | D:2      | Found a shimmering altar of Xom.
  2189 | D:2      | Reached XP level 6. HP: 53/53 MP: 7/7
  3338 | D:5      | Entered Level 5 of the Dungeon
  3383 | D:4      | Reached skill level 5 in Fighting
  3383 | D:4      | Reached skill level 6 in Axes
  3383 | D:4      | Reached XP level 7. HP: 43/61 MP: 8/8
  3615 | D:4      | Found Bonorid's Antique Weapon Boutique.
  3879 | D:6      | Reached skill level 7 in Axes
  3978 | D:7      | Noticed a hippogriff
  3989 | D:7      | Killed a hippogriff
  3989 | D:7      | Reached skill level 1 in Dodging
  3989 | D:7      | Reached skill level 5 in Shields
  3989 | D:7      | Reached XP level 8. HP: 52/70 MP: 8/10
  4002 | D:7      | Noticed a hippogriff
  4010 | D:7      | Killed a hippogriff
  4010 | D:7      | Reached skill level 8 in Axes
  4010 | D:7      | Reached skill level 5 in Armour
  4460 | D:7      | Found a shattered altar of Ashenzari.
  4563 | D:6      | Reached skill level 9 in Axes
  4580 | D:6      | Found a bloodstained altar of Trog.
  4693 | D:6      | Reached XP level 9. HP: 78/78 MP: 11/11
  4810 | D:6      | Got a twisted scale mail
  4821 | D:6      | Identified the cursed +1 scale mail of Dutik {*Slow rPois MR++ Stlth+} (You found it on level 6 of the Dungeon)
  4908 | D:7      | Noticed Menkaure
  4915 | D:7      | Killed Menkaure
  5193 | D:7      | Reached skill level 10 in Axes
  5466 | D:8      | Found a radiant altar of Vehumet.
  5481 | D:8      | Reached skill level 11 in Axes
  5511 | D:7      | Found an iron altar of Okawaru.
  5514 | D:7      | Became a worshipper of Warmaster Okawaru
  5643 | D:7      | Found a basalt altar of Yredelemnul.
  5643 | D:7      | Found a shimmering altar of Xom.
  5715 | D:7      | Noticed a troll
  5722 | D:7      | Killed a troll
  5722 | D:7      | Reached XP level 10. HP: 88/88 MP: 13/13
  5767 | D:8      | Noticed birkhead's ghost (novice MiBe)
  5904 | D:8      | Killed birkhead's ghost
  5904 | D:8      | Reached * piety under Okawaru
  5904 | D:8      | Reached skill level 1 in Stealth
  5910 | D:8      | Noticed Grum
  5937 | D:8      | Killed Grum
  5937 | D:8      | Reached ** piety under Okawaru
  6353 | D:8      | Noticed a tengu warrior
  6362 | D:8      | Killed a tengu warrior
  6362 | D:8      | Reached skill level 5 in Evocations
  6438 | D:8      | Reached *** piety under Okawaru
  6481 | D:8      | Reached skill level 12 in Axes
  6515 | D:8      | Got a heavily runed plate armour
  6571 | D:8      | Identified the +4 plate armour of Baldness {rCorr} (You found it on level 8 of the Dungeon)
  6849 | D:9      | Found a staircase to the Lair.
  6870 | D:9      | Reached XP level 11. HP: 86/97 MP: 13/15
  6879 | D:9      | Reached **** piety under Okawaru
  7093 | Lair:1   | Entered Level 1 of the Lair of Beasts
  7220 | D:9      | Noticed a cyclops
  7233 | D:9      | Killed a cyclops
  7276 | D:9      | Got a polished shield
  7294 | D:9      | Identified the +5 shield of Ezov {rCorr Int+3} (You found it on level 9 of the Dungeon)
  7298 | D:10     | Entered Level 10 of the Dungeon
  7333 | D:9      | Found a blossoming altar of Fedhas.
  7379 | D:9      | Noticed Blork the orc
  7380 | D:9      | Noticed Eustachio
  7402 | D:9      | Killed Blork the orc
  7413 | D:9      | Killed Eustachio
  7505 | D:9      | Reached skill level 13 in Axes
  7535 | D:9      | Found a staircase to the Orcish Mines.
  7535 | D:9      | Noticed a two-headed ogre
  7537 | D:9      | Noticed Psyche
  7548 | D:9      | Killed a two-headed ogre
  7564 | D:9      | Killed Psyche
  7773 | D:9      | Reached ***** piety under Okawaru
  8289 | D:10     | Killed an unseen horror
  8697 | D:10     | Identified a scroll of acquirement
  9221 | D:11     | Reached XP level 12. HP: 78/106 MP: 16/16
  9374 | D:11     | Received a gift from Okawaru
  9686 | D:13     | Found a gate to the Vaults.
  9686 | D:13     | Noticed a two-headed ogre
  9686 | D:13     | Noticed Nessos
  9693 | D:13     | Reached skill level 14 in Axes
  9723 | D:12     | Reached skill level 10 in Fighting
  9784 | D:12     | Reached skill level 10 in Shields
  9850 | D:13     | Killed Nessos
  9850 | D:13     | Reached skill level 15 in Axes
 10314 | D:13     | Noticed a centaur warrior
 10327 | D:13     | Killed a centaur warrior
 10435 | D:13     | Demolished by a very large slime creature

Skill      XL: |  1  2  3  4  5  6  7  8  9 10 11 12 |
---------------+-------------------------------------+-----
Axes           | 3 4 5 6 7 9 11 12 13 15 | 15.3
Fighting       | 4 5 6 8 9 10 | 10.6
Shields        | 4 5 6 7 8 9 10 | 10.6
Armour         | 4 5 6 7 8 |  8.9
Evocations     | 1 2 3 4 5 6 7 |  7.1
Dodging        | 1 |  1.6
Stealth        | 3 4 |  4.7

Action                   |  1- 3 |  4- 6 |  7- 9 | 10-12 || total
-------------------------+-------+-------+-------+-------++-------
Melee: War axe           |    71 |   129 |       |       ||   200
       Hand axe          |       |   120 |   247 |   373 ||   740
       Broad axe         |       |       |       |   323 ||   323
 Abil: Evoke Invisibilit |       |       |       |     1 ||     1
Evoke: Wand              |       |     2 |    13 |    33 ||    48
  Use: Scroll            |     4 |     3 |     9 |     9 ||    25
       Potion            |     3 |     6 |     2 |     4 ||    15
 Stab: Paralysed         |       |       |     3 |    20 ||    23
       Sleeping          |       |       |       |     1 ||     1
       Invisible         |       |       |       |    15 ||    15
  Eat: Bread ration      |     1 |       |       |     2 ||     3
       Fruit             |       |     4 |       |     1 ||     5
       Royal jelly       |       |     2 |     1 |     4 ||     7
       Meat ration       |       |       |     1 |       ||     1
Armor: Scale mail        |    15 |       |    39 |    29 ||    83
       Chain mail        |    36 |   148 |    53 |       ||   237
       Plate armour      |       |       |       |   216 ||   216
Dodge: Dodged            |    23 |    58 |    56 |    95 ||   232
Block: Shield            |    44 |   141 |   117 |   431 ||   733
